 Dungeon Crawl Stone Soup version 0.32-a0-40-g2adb59a (webtiles) character file.

Game seed: 5297711036225473062

3194 Dorkslayer the Grappler (level 9, -3/84 HPs)
             Began as a Troll Shapeshifter on Jan 24, 2024.
             Slain by an orc warrior
             ... wielding a +0 spear
              (10 damage)
             ... in a bailey.
             The game lasted 00:17:29 (5976 turns).

Dorkslayer the Grappler (Troll Shapeshifter)        Turns: 5976, Time: 00:17:29

Health: -3/84      AC:  5    Str: 28    XL:     9   Next: 64%
Magic:  8/8        EV: 10    Int:  6    God:
Gold:   471        SH:  0    Dex:  9    Spells: 8/8 levels left

rFire   . .          .
                       - Unarmed
rCold   . . .        (no shield)
rNeg    . . .        a - +1 animal skin
rPois   .            (helmet currently unavailable)
rElec   .            (cloak currently unavailable)
rCorr   .            (gloves unavailable)
SInv    .            (boots unavailable)
Will    .....        k - amulet of magic regeneration
Stlth   ++           (no ring)
HPRegen 1.14/turn    (no ring)
MPRegen 0.51/turn

%: no passive effects
@: beast-form
A: beast (slay +2), large, unfitting armour, claws 3, regeneration 1, shaggy fur
1, tough skin 1
a: Begin Untransformation


You were in a bailey.
You were a hulking beast.
You visited 1 branch of the dungeon, and saw 7 of its levels.
You also visited: Ossuary and Bailey.

You collected 633 gold pieces.
You spent 162 gold pieces at shops.

Inventory:

Hand Weapons
 l - a +0 war axe of chaos
Missiles
 j - 4 boomerangs (quivered)
Armour
 a - a +1 animal skin (worn)
Jewellery
 k - an amulet of magic regeneration (around neck)
Talismans
 c - a beast talisman
 d - a flux talisman
Wands
 e - a wand of flame (27)
 m - a wand of mindburst (10)
Scrolls
 b - 3 scrolls of teleportation
 h - 2 scrolls of poison
 i - a scroll of amnesia
 n - 2 scrolls of enchant weapon
 p - a scroll of summoning
 q - a scroll of fog
 s - a scroll of enchant armour
Potions
 f - 3 potions of magic
 g - 2 potions of curing
 r - 2 potions of mutation {unknown}
 t - a potion of degeneration {unknown}
 u - a potion of ambrosia {unknown}
 v - 2 potions of haste {unknown}
 w - 2 potions of might {unknown}
 x - a potion of resistance {unknown}
 z - a potion of cancellation {unknown}


   Skills:
 * Level 4.1 Fighting
 + Level 0.2 Throwing
 * Level 0.5 Armour
 * Level 4.5 Dodging
 + Level 1.6 Stealth
 * Level 10.0 Unarmed Combat
 * Level 2.4 Evocations
 + Level 4.9 Shapeshifting


You had 8 spell levels left.
You didn't know any spells.
Your spell library contained the following spells:

 Spells                   Type           Power      Damage    Failure   Level
 Necrotise                Necr           0%         1d4       45%         1
 Tukima's Dance           Hex            0%         N/A       83%         3
 Vampiric Draining        Necr           0%         2d6       83%         3
 Dimensional Bullseye     Hex/Tloc       0%         N/A       99%         4
 Iskenderun's Mystic Bla  Conj/Tloc      0%         2d3       99%         4
 Martyr's Knell           Necr/Summ      0%         N/A       99%         4
 Curse of Agony           Necr           0%         N/A       100%        5


Dungeon Overview and Level Annotations

Branches:
Dungeon (7/15)            Ossuary (visited)          Bailey (1/1)
 Temple: D:4-7

Altars:
Nemelex Xobeh
Wu Jian
Zin

Shops:
D:5 ?(!


Innate Abilities, Weirdness & Mutations

You are a hulking beast.
Your limbs bulge with bestial killing power. (Slay +2)
You are too large for most types of armour.
You have claws for hands.
Your natural rate of healing is unusually fast.
You are covered in fur. (AC +1)
You have tough skin. (AC +1)


Message History

There is an open door here.
Things that are here:
a +0 war axe; an orc corpse The orc warrior attacks as it pursues you!
The orc warrior completely misses you.
You see here a +0 trident.
Throw: 4 boomerangs
Press: ? - help, Q - select action, (/) - cycle Shift-Dir - straight line, f/p - orc warrior
Aim: an orc warrior, wielding a +0 spear and wearing a +0 ring mail (50% to hit)
You throw a boomerang.
The boomerang closely misses the orc warrior.
The orc warrior hits you from afar with a +0 spear!
* * * LOW HITPOINT WARNING * * *
The orc warrior hits you from afar with a +0 spear.
* * * LOW HITPOINT WARNING * * *
You feel much better.
The orc warrior hits you with a +0 halberd!!
The orc warrior hits you from afar with a +0 spear!
* * * LOW HITPOINT WARNING * * *
You claw the orc warrior!
The orc warrior is heavily wounded.
The orc warrior suddenly jeers, as Orcs often do.
The orc warrior hits you with a +0 halberd.
* * * LOW HITPOINT WARNING * * *
The orc warrior hits you from afar with a +0 spear.
* * * LOW HITPOINT WARNING * * *
You feel much better.
The orc warrior hits you with a +0 halberd!
* * * LOW HITPOINT WARNING * * *
The orc warrior hits you from afar with a +0 spear.
* * * LOW HITPOINT WARNING * * *
As you read the scroll of summoning, it crumbles to dust.
Wisps of shadow whirl around you...
The orc hits you from afar with a +0 trident!
* * * LOW HITPOINT WARNING * * *
The orc warrior hits your orc with a +0 halberd!!
Your orc dies!
Your orc's corpse dissolves into shadows!
The orc warrior hits you from afar with a +0 spear!
You die...

############ #######
#.∩...)))..## ##.o...#########
......#))...######..ooo..#.....#.
.....###)...#.ooh#..##o..'.oo..'.
∩.....8.....'ooo)ooo8....'...).')
.....###....#ooo.#o.##...'.....'.
......#.....######.......#.....#.
#.∩........## ##.....#########
############ #######


You could see 2 orc warriors, 2 orcs, a friendly orc wizard (summoned) and 7
friendly orcs.

Vanquished Creatures
  Grinder (D:5)
  A shadow (D:6)
  A steam dragon (D:6)
  A water moccasin (D:6)
  Duvessa (D:4)
  2 black bears
  3 ice beasts
  3 orc warriors (Bailey)
  2 ogres
  A phantom (D:6)
  A bullfrog (D:7)
  4 scorpions
  Dowan (D:4)
  6 bombardier beetles
  2 hounds
  A gnoll bouda (D:5)
  Jessica (D:2)
  2 iguanas
  2 sleepcaps (D:6)
  3 orc wizards (D:6)
  5 scorpion zombies (D:6)
  8 mummies (Ossuary)
  12 adders
  8 gnolls
  3 howler monkey skeletons (D:6)
  2 shadow imps (D:6)
  A white imp (D:6)
  6 ufetubi
  6 ribbon worms
  5 dart slugs
  28 orcs
  6 bats
  11 endoplasms
  4 giant cockroaches
  5 goblins
  10 hobgoblins
  2 jackals (D:1)
  5 quokkas
  13 ball pythons
  2 frilled lizards
  2 gnoll zombies (Ossuary)
  2 hobgoblin zombies (Ossuary)
  6 kobolds
  2 kobold zombies (Ossuary)
  2 orc zombies (Ossuary)
  5 rats
200 creatures vanquished.

Notes
Turn   | Place    | Note
-------+----------+-------------------------------------------
     0 | D:1      | Dorkslayer the Troll Shapeshifter began the quest for the
                  | Orb.
     0 | D:1      | Reached XP level 1. HP: 18/18 MP: 0/0
   166 | D:1      | Reached XP level 2. HP: 26/26 MP: 1/1
   890 | D:2      | Reached XP level 3. HP: 31/32 MP: 2/2
   959 | D:2      | Reached skill level 1 in Fighting
  1238 | D:2      | Reached skill level 4 in Unarmed Combat
  1266 | D:2      | Noticed Jessica
  1273 | D:2      | Killed Jessica
  1274 | D:2      | Reached XP level 4. HP: 40/41 MP: 3/3
  1520 | D:3      | Noticed a scorpion
  1528 | D:3      | Killed a scorpion
  1529 | D:3      | Reached XP level 5. HP: 39/48 MP: 4/4
  1598 | D:3      | Found a faded altar of an unknown god.
  1859 | D:3      | Reached skill level 5 in Unarmed Combat
  1926 | D:3      | Reached XP level 6. HP: 45/57 MP: 5/5
  2671 | D:4      | Found a glowing silver altar of Zin.
  2815 | D:4      | Noticed Duvessa
  2819 | D:4      | Noticed Dowan
  2835 | D:4      | Killed Duvessa
  2836 | D:4      | Reached skill level 6 in Unarmed Combat
  2836 | D:4      | Reached XP level 7. HP: 35/65 MP: 6/6
  2839 | D:4      | Killed Dowan
  3399 | D:4      | Reached skill level 1 in Stealth
  3711 | D:5      | Entered Level 5 of the Dungeon
  3722 | D:5      | Noticed Grinder
  3729 | D:5      | Killed Grinder
  3730 | D:5      | Reached skill level 7 in Unarmed Combat
  3844 | D:5      | Found Batuezon's Antique Weapon Shop.
  3876 | D:5      | Found Ewudem's Distillery.
  3886 | D:5      | Bought a potion of curing for 42 gold pieces
  4015 | D:5      | Reached XP level 8. HP: 65/74 MP: 7/7
  4018 | D:5      | Found Dinloimn's Magic Scroll Boutique.
  4025 | D:5      | Bought a scroll of fog for 60 gold pieces
  4025 | D:5      | Bought a scroll of identify for 30 gold pieces
  4025 | D:5      | Bought a scroll of identify for 30 gold pieces
  4070 | D:5      | Reached skill level 1 in Evocations
  4153 | D:5      | Found an ornate altar of the Wu Jian Council.
  4245 | D:5      | Reached skill level 8 in Unarmed Combat
  4606 | D:5      | Found a sparkling altar of Nemelex Xobeh.
  4919 | D:6      | Reached skill level 9 in Unarmed Combat
  4919 | D:6      | Reached XP level 9. HP: 59/83 MP: 8/8
  5002 | D:6      | Found a sand-covered staircase.
  5017 | Ossuary  | Entered an ossuary
  5763 | D:7      | Found a flagged portal.
  5772 | Bailey   | Entered a bailey
  5897 | Bailey   | Reached skill level 10 in Unarmed Combat
  5976 | Bailey   | Slain by an orc warrior

Illustrated notes

Levels and vault maps discovered:
D:1:      zaba_arrival_water, layout_basic, serial_glass, glass_columns_a,
          glass_columns_b
D:2:      layout_loops_ring, minmay_misc_feat_rows, uniq_jessica
D:3:      layout_basic, ebering_ecumenical_altar_mist, minmay_increasing_density
D:4:      layout_basic, mainiacjoe_overflow_alcove_4, uniq_duvessa
D:5:      layout_basic, nicolae_wu_jian_immortal_techniques,
          nemelex_diamond_rough_becter, serial_shops,
          nicolae_shop_rolling_square, shop, nicolae_stop_n_shop_2, uniq_grinder
D:6:      layout_gridville, mainiacjoe_ossuary_entry_find_the_door,
          nicolae_twisty_statue_hallways
D:7:      layout_loops_cross, amethyst_overflow_temple_binary, temple_pool_b,
          enter_bailey_3
Bailey:   bailey_polearm_5, bailey

Skill      XL: |  1  2  3  4  5  6  7  8  9 |
---------------+----------------------------+-----
Fighting       | 1 2 3 4 |  4.1
Unarmed Combat | 4 5 6 7 9 10 | 10.0
Dodging        | 2 3 4 |  4.5
Shapeshifting  | 4 |  4.9
Stealth        | 1 |  1.6
Evocations     | 2 |  2.4
Throwing       | |  0.2
Armour         | |  0.5

Action                     |  1- 3 |  4- 6 |  7- 9 || total
---------------------------+-------+-------+-------++-------
  Melee: Unarmed           |    79 |   131 |   269 ||   479
         Punch             |     1 |     2 |    13 ||    16
  Throw: Boomerang         |       |       |    18 ||    18
  Evoke: Wand              |       |       |     9 ||     9
    Use: Scroll            |     2 |     8 |     8 ||    18
         Potion            |       |     3 |     6 ||     9
   Stab: Sleeping          |     2 |       |     4 ||     6
         Invisible         |       |     1 |     2 ||     3
 Armour: Animal skin       |    43 |    88 |   238 ||   369
  Dodge: Dodged            |    26 |    57 |   169 ||   252

Table legend: (Time is in decaauts)
 A = Elapsed time spent in this place.
 B = Non-inter-level travel time spent in this place.
 C = Inter-level travel time spent in this place.
 D = Time resting spent in this place.
 E = Time spent auto-exploring this place.
 F = Levels seen in this place.
 G = Mean time per level.
                   A        B        C        D        E       F      G
               +--------+--------+--------+--------+--------+-----+--------+
         Total |   5917 |   5917 |      0 |     37 |   3241 |   9 |  657.4 |
       Dungeon |   5494 |   5494 |      0 |     37 |   3121 |   7 |  784.9 |
       Ossuary |    219 |    219 |      0 |      0 |     53 |   1 |  219.0 |
        Bailey |    203 |    203 |      0 |      0 |     67 |   1 |  203.0 |
               +--------+--------+--------+--------+--------+-----+--------+

Top non-repeatable levels by time:
     D:4: 1232 daAuts
     D:5: 1094 daAuts
     D:3: 977 daAuts
     D:1: 787 daAuts
     D:2: 691 daAuts
     D:6: 604 daAuts
 Ossuary: 219 daAuts
  Bailey: 203 daAuts
     D:7: 107 daAuts
